Maple Leafs vs Jets
Created - April 18, 2022 at 20:12
Goals
|
| Maple Leafs |
2 |
1 |
2 |
5 |
| Jets |
0 |
1 |
0 |
1 |
|
Shots
|
| Maple Leafs |
15 |
10 |
12 |
37 |
| Jets |
6 |
1 |
10 |
17 |
|
1st period
1. Maple Leafs , Claude Giroux 36 (Michael Frolik 30, Hampus Lindholm 31) at 7:07 (PP)
2. Maple Leafs , Patrice Cormier 7 (Zach Werenski 22, John Klingberg 21) at 11:56
Penalties :
Brent Burns (Win) for Hooking (Minor) at 1:58, Adam Henrique (Win) for Cross-checking (Minor) at 6:35, Brayden Schenn (TOR) for Hooking (Minor) at 9:42, Michael Frolik (TOR) for Roughing (Minor) at 14:24
2nd period
3. Maple Leafs , Brayden Schenn 16 (Gabriel Landeskog 21) at 6:54
4. Jets , Jeff Schultz 4 (Dougie Hamilton 26) at 13:10
Penalties :
Jason Zucker (Win) for Holding (Minor) at 1:10, Dougie Hamilton (Win) for Tripping (Minor) at 7:18
3rd period
5. Maple Leafs , Claude Giroux 37 (Michael Frolik 31, Evgeni Malkin 38) at 4:01
6. Maple Leafs , Claude Giroux 38 (Michael Frolik 32, Zach Werenski 23) at 4:25 (PP)
Penalties :
Dougie Hamilton (Win) for Holding Stick (Minor) at 4:08, Marco Scandella (Win) for Roughing (Minor) at 9:29, Beau Bennett (TOR) for Interference (Minor) at 18:14
Goalie Stats
Martin Jones (TOR), 16 saves from 17 shots - (0.941), W, 10-8-0, 60:00 minutes
Michal Neuvirth (Win), 32 saves from 37 shots - (0.865), L, 18-21-2, 60:00 minutes
Players Stats for Maple Leafs
Player Name G A P +/- PIM S H SB GA TA FO MP PP MP PK MP
------------------------------------------------------------------------------------
Andre Burakovsky 0 0 0 1 0 2 1 0 0 1 0/0 15:37 2:56 0:00
Beau Bennett 0 0 0 0 2 1 0 0 1 0 0/1 10:37 0:02 0:00
Bo Horvat 0 0 0 0 0 1 1 1 1 0 0/2 11:57 0:02 1:12
Brandon Saad 0 0 0 0 0 1 0 1 0 0 0/1 11:49 0:02 1:04
Brayden Schenn 1 0 1 1 2 4 2 1 0 0 13/17 17:56 2:56 2:12
Braydon Coburn 0 0 0 -1 0 0 1 2 0 0 0/0 14:24 0:00 3:31
Claude Giroux 3 0 3 1 0 5 0 0 3 1 0/2 23:07 5:47 1:28
Evgeni Malkin 0 1 1 1 0 4 2 0 2 0 16/36 23:47 5:47 2:08
Gabriel Landeskog 0 1 1 1 0 1 2 0 1 1 0/0 18:49 2:56 3:11
Hampus Lindholm 0 1 1 0 0 4 2 1 2 0 0/0 23:39 5:49 2:12
John Klingberg 0 1 1 0 0 1 4 2 0 2 0/0 20:29 2:56 2:12
Jon Merrill 0 0 0 2 0 0 2 1 1 0 0/0 26:15 2:56 3:31
Michael Frolik 0 3 3 1 2 6 5 0 1 1 1/2 21:39 5:47 0:00
Patrice Cormier 1 0 1 0 0 4 0 1 0 0 0/1 6:26 0:00 0:11
Pontus Aberg 0 0 0 0 0 0 1 1 0 0 0/0 6:15 0:00 0:00
Ryan Parent 0 0 0 0 0 1 1 0 0 0 0/0 10:47 0:00 0:00
Tim Schaller 0 0 0 0 0 1 0 2 0 0 0/0 6:15 0:00 0:00
Zach Werenski 0 2 2 3 0 1 0 4 2 1 0/0 24:26 5:49 0:00
Players Stats for Jets
Player Name G A P +/- PIM S H SB GA TA FO MP PP MP PK MP
------------------------------------------------------------------------------------
Adam Henrique 0 0 0 -1 2 0 2 0 0 0 3/14 14:42 3:05 0:00
Alexander Wennberg 0 0 0 0 0 1 0 0 0 0 3/5 10:27 0:00 0:00
Brent Burns 0 0 0 -2 2 2 1 2 0 4 0/0 22:50 2:45 4:15
Dougie Hamilton 0 1 1 0 4 2 2 1 0 2 0/0 24:17 3:04 1:30
Eric Nystrom 0 0 0 0 0 2 0 0 1 0 0/0 14:06 0:00 2:53
Frank Vatrano 0 0 0 0 0 1 4 0 0 2 0/0 10:57 0:00 5:23
Jake McCabe 0 0 0 0 0 0 0 0 1 0 0/0 16:29 2:31 0:45
Jason Zucker 0 0 0 -1 2 1 2 1 1 0 0/1 20:33 3:05 0:09
Jeff Schultz 1 0 1 0 0 2 1 3 0 1 0/0 24:25 0:27 5:27
Johnny Boychuk 0 0 0 0 0 2 1 0 0 0 0/0 13:54 0:00 3:13
Jordan Martinook 0 0 0 0 0 1 0 0 0 1 0/0 5:22 0:00 0:11
Kyle Okposo 0 0 0 -1 0 1 0 1 0 0 0/0 15:52 2:38 1:25
Marco Scandella 0 0 0 -2 2 0 0 0 1 1 0/0 19:09 2:39 2:20
Max Domi 0 0 0 -1 0 0 2 0 0 3 0/0 14:04 2:38 0:00
Noel Acciari 0 0 0 0 0 0 0 0 0 0 5/9 10:42 0:00 5:30
Pierre-Marc Bouchard 0 0 0 0 0 0 2 0 0 0 0/0 10:27 0:00 0:00
Ryan Johansen 0 0 0 -1 0 1 3 0 2 0 19/31 22:29 2:38 1:59
Viktor Arvidsson 0 0 0 -1 0 1 3 2 1 0 2/2 20:24 3:05 0:00
3 Stars
1 - Claude Giroux (TOR)
2 - Michael Frolik (TOR)
3 - Zach Werenski (TOR)
Power Play
Maple Leafs - 2 on 6 Attempt(s) - 33.33%
Jets - 0 on 3 Attempt(s) - 0.00%
Penalty Kill
Maple Leafs - 3 on 3 Attempt(s) - 100.00%
- Score 0 goal in Penalty Kill
Jets - 4 on 6 Attempt(s) - 66.67%
- Score 0 goal in Penalty Kill
Team Stat
Maple Leafs - Hits : 24 - Faceoff Wins : 30 - Blocked Shots : 17 - Penalty Minutes : 6
Jets - Hits : 23 - Faceoff Wins : 32 - Blocked Shots : 10 - Penalty Minutes : 12
Official
Referees : Ian Walsh and TJ Luxmore
Linesman : Pierre Racicot and Libor Suchanek
Game Notes
Claude Giroux has scored a Hat Trick!
Finance
Level 1 -- Attendance: 5807 (96.78%) -- Ticket Income $580,700
Level 2 -- Attendance: 5000 (100.00%) -- Ticket Income $300,000
Level 3 -- Attendance: 1827 (91.35%) -- Ticket Income $63,945
Level 4 -- Attendance: 3523 (88.08%) -- Ticket Income $88,075
Luxury Box -- Attendance: 919 (91.90%) -- Ticket Income $183,800
Game was played at the Bell MTS Place.
Total Attendance: 17076 (94.87%)
Total Ticket Income: $1,216,520
Other Income: $182,478
Total Income: $1,398,998
Maple Leafs
5 vs 5 Forward
Center Left Wing Right Wing Time % Phy DF OF
1 Evgeni Malkin Claude Giroux Michael Frolik 40 1 2 2
2 Brayden Schenn Gabriel Landeskog Andre Burakovsky 30 1 2 2
3 Bo Horvat Brandon Saad Beau Bennett 20 1 2 2
4 Patrice Cormier Tim Schaller Pontus Aberg 10 1 2 2
5 vs 5 Defense
Defense Defense Time % Phy DF OF
1 Jon Merrill Zach Werenski 40 1 2 2
2 Hampus Lindholm John Klingberg 30 1 2 2
3 Ryan Parent Braydon Coburn 20 1 2 2
4 Hampus Lindholm John Klingberg 10 1 2 2
PowerPlay Forward
Center Left Wing Right Wing Time % Phy DF OF
1 Evgeni Malkin Claude Giroux Michael Frolik 60 1 2 2
2 Brayden Schenn Gabriel Landeskog Andre Burakovsky 40 1 2 2
PowerPlay Defense
Defense Defense Time % Phy DF OF
1 Hampus Lindholm Zach Werenski 60 1 2 2
2 Jon Merrill John Klingberg 40 1 2 2
Penalty Kill 4 Players Forward
Center Wing Time % Phy DF OF
1 Brayden Schenn Gabriel Landeskog 60 1 2 2
2 Evgeni Malkin Claude Giroux 40 1 2 2
Penalty Kill 4 Players Defense
Defense Defense Time % Phy DF OF
1 Jon Merrill Braydon Coburn 60 1 2 2
2 Hampus Lindholm John Klingberg 40 1 2 2
Penalty Kill - 3 Players Forward
Forward Time % Phy DF OF
1 Patrice Cormier 60 1 2 2
2 Brayden Schenn 40 1 2 2
Penalty Kill - 3 Players Defense
Defense Defense Time % Phy DF OF
1 Braydon Coburn Jon Merrill 60 1 2 2
2 Hampus Lindholm John Klingberg 40 1 2 2
4 vs 4 Forward
Center Wing Time % Phy DF OF
1 Brayden Schenn Claude Giroux 60 1 2 2
2 Evgeni Malkin Gabriel Landeskog 40 1 2 2
4 vs 4 Defense
Defense Defense Time % Phy DF OF
1 Hampus Lindholm John Klingberg 60 1 2 2
2 Jon Merrill Braydon Coburn 40 1 2 2
Last Minutes Offensive
Center Left Wing Right Wing Defense Defense
Evgeni Malkin Claude Giroux Michael Frolik Hampus Lindholm John Klingberg
Last Minutes Defensive
Center Left Wing Right Wing Defense Defense
Brayden Schenn Claude Giroux Michael Frolik Braydon Coburn Jon Merrill
Goaltenders
Starting : Martin Jones
Backup : John Gibson
Extra Forwards
Normal : Gabriel Landeskog, Michael Frolik, Bo Horvat - PP : Gabriel Landeskog, Michael Frolik - PK : Gabriel Landeskog
Extra Defensemen
Normal : Braydon Coburn, Ryan Parent, Zach Werenski - PP : Braydon Coburn - PK : Braydon Coburn, Ryan Parent
Penalty Shots
Claude Giroux, Evgeni Malkin, Andre Burakovsky, Michael Frolik, Brayden Schenn
Scratches
None
Jets
5 vs 5 Forward
Center Left Wing Right Wing Time % Phy DF OF
1 Ryan Johansen Jason Zucker Viktor Arvidsson 40 1 2 2
2 Adam Henrique Max Domi Kyle Okposo 30 1 2 2
3 Alexander Wennberg Eric Nystrom Pierre-Marc Bouchard 20 1 2 2
4 Noel Acciari Jordan Martinook Frank Vatrano 10 1 2 2
5 vs 5 Defense
Defense Defense Time % Phy DF OF
1 Jeff Schultz Dougie Hamilton 40 1 2 2
2 Marco Scandella Brent Burns 30 1 2 2
3 Jake McCabe Johnny Boychuk 20 1 2 2
4 Jeff Schultz Brent Burns 10 1 2 2
PowerPlay Forward
Center Left Wing Right Wing Time % Phy DF OF
1 Adam Henrique Jason Zucker Viktor Arvidsson 60 0 0 5
2 Ryan Johansen Max Domi Kyle Okposo 40 0 0 5
PowerPlay Defense
Defense Defense Time % Phy DF OF
1 Jake McCabe Dougie Hamilton 60 0 1 4
2 Marco Scandella Brent Burns 40 0 1 4
Penalty Kill 4 Players Forward
Center Wing Time % Phy DF OF
1 Noel Acciari Frank Vatrano 60 0 4 1
2 Ryan Johansen Eric Nystrom 40 0 4 1
Penalty Kill 4 Players Defense
Defense Defense Time % Phy DF OF
1 Jeff Schultz Brent Burns 60 0 4 1
2 Marco Scandella Johnny Boychuk 40 0 4 1
Penalty Kill - 3 Players Forward
Forward Time % Phy DF OF
1 Adam Henrique 60 0 4 1
2 Ryan Johansen 40 0 4 1
Penalty Kill - 3 Players Defense
Defense Defense Time % Phy DF OF
1 Jeff Schultz Brent Burns 60 0 5 0
2 Marco Scandella Dougie Hamilton 40 0 5 0
4 vs 4 Forward
Center Wing Time % Phy DF OF
1 Adam Henrique Kyle Okposo 60 1 2 2
2 Ryan Johansen Jason Zucker 40 1 2 2
4 vs 4 Defense
Defense Defense Time % Phy DF OF
1 Jeff Schultz Brent Burns 60 1 2 2
2 Marco Scandella Dougie Hamilton 40 1 2 2
Last Minutes Offensive
Center Left Wing Right Wing Defense Defense
Ryan Johansen Jason Zucker Viktor Arvidsson Jeff Schultz Dougie Hamilton
Last Minutes Defensive
Center Left Wing Right Wing Defense Defense
Ryan Johansen Eric Nystrom Frank Vatrano Jeff Schultz Brent Burns
Goaltenders
Starting : Michal Neuvirth
Backup : Marc-André Fleury
Extra Forwards
Normal : Jason Zucker, Max Domi, Viktor Arvidsson - PP : Alexander Wennberg, Kyle Okposo - PK : Kyle Okposo
Extra Defensemen
Normal : Dougie Hamilton, Jake McCabe, Johnny Boychuk - PP : Dougie Hamilton - PK : Dougie Hamilton, Jake McCabe
Penalty Shots
Viktor Arvidsson, Ryan Johansen, Jason Zucker, Noel Acciari, Kyle Okposo
Scratches
None
% Time on Ice - Maple Leafs
Lines # - Real PCT - Wanted PCT - Time Play
Normal Forward
1 - 36% - 40% - 16:20
2 - 28% - 30% - 12:41
3 - 23% - 20% - 10:16
4 - 14% - 10% - 6:15
Normal Defense
1 - 41% - 40% - 18:51
2 - 31% - 30% - 14:07
3 - 23% - 20% - 10:39
4 - 4% - 10% - 1:55
PP Forward
1 - 66% - 60% - 5:49
2 - 34% - 40% - 2:56
PP Defense
1 - 66% - 60% - 5:49
2 - 34% - 40% - 2:56
PK Forward
1 - 78% - 60% - 4:26
2 - 22% - 40% - 1:17
PK Defense
1 - 62% - 60% - 3:31
2 - 38% - 40% - 2:12
PK3 Forward
1 - 0% - 60%
2 - 0% - 40%
PK3 Defense
1 - 0% - 60%
2 - 0% - 40%
44 Forward
1 - 0% - 60%
2 - 0% - 40%
44 Defense
1 - 0% - 60%
2 - 0% - 40%
Last Minute Offensive - 0:00
Last Minute Defensive - 0:00
Total
Forward - 60:00
Defense - 60:00
|
% Time on Ice - Jets
Lines # - Real PCT - Wanted PCT - Time Play
Normal Forward
1 - 39% - 40% - 17:43
2 - 27% - 30% - 12:11
3 - 23% - 20% - 10:27
4 - 11% - 10% - 5:11
Normal Defense
1 - 42% - 40% - 19:02
2 - 30% - 30% - 13:48
3 - 23% - 20% - 10:23
4 - 5% - 10% - 2:19
PP Forward
1 - 54% - 60% - 3:05
2 - 46% - 40% - 2:38
PP Defense
1 - 54% - 60% - 3:04
2 - 46% - 40% - 2:39
PK Forward
1 - 77% - 60% - 6:46
2 - 23% - 40% - 1:59
PK Defense
1 - 63% - 60% - 5:32
2 - 37% - 40% - 3:13
PK3 Forward
1 - 0% - 60%
2 - 0% - 40%
PK3 Defense
1 - 0% - 60%
2 - 0% - 40%
44 Forward
1 - 0% - 60%
2 - 0% - 40%
44 Defense
1 - 0% - 60%
2 - 0% - 40%
Last Minute Offensive - 0:00
Last Minute Defensive - 0:00
Total
Forward - 60:00
Defense - 60:00
|
Play-by-Play
1st period
0:01 of 1st period - Evgeni Malkin wins face-off versus Jason Zucker in neutral zone.
0:04 of 1st period - Backhand shot by Michael Frolik.
0:04 of 1st period - Stopped by Michal Neuvirth without a rebound.
0:05 of 1st period - Evgeni Malkin wins face-off versus Ryan Johansen in Jets zone.
0:12 of 1st period - Snap shot by Michael Frolik.
0:12 of 1st period - Shot Blocked by Jeff Schultz.
0:42 of 1st period - Wrist shot by Brayden Schenn.
0:42 of 1st period - Shot Misses the Net.
1:18 of 1st period - Slapshot by Zach Werenski.
1:18 of 1st period - Stopped by Michal Neuvirth with a rebound.
1:24 of 1st period - Slapshot by Marco Scandella.
1:24 of 1st period - Shot Blocked by Zach Werenski.
1:26 of 1st period - Slapshot by Brent Burns.
1:26 of 1st period - Shot Blocked by Patrice Cormier.
1:28 of 1st period - Wrist shot by Brent Burns.
1:28 of 1st period - Stopped by Martin Jones without a rebound.
1:29 of 1st period - Evgeni Malkin wins face-off versus Ryan Johansen in Maple Leafs zone.
1:34 of 1st period - Slapshot by Hampus Lindholm.
1:34 of 1st period - Shot Hit the Post.
1:38 of 1st period - Snap shot by Michael Frolik.
1:38 of 1st period - Shot Blocked by Viktor Arvidsson.
1:40 of 1st period - Slapshot by Michael Frolik.
1:40 of 1st period - Stopped by Michal Neuvirth without a rebound.
1:41 of 1st period - Brayden Schenn wins face-off versus Adam Henrique in Jets zone.
1:56 of 1st period - Wrist shot by Gabriel Landeskog.
1:56 of 1st period - Stopped by Michal Neuvirth with a rebound.
1:58 of 1st period - Minor Penalty to Brent Burns for Hooking.
1:59 of 1st period - Evgeni Malkin wins face-off versus Noel Acciari in Jets zone.
2:08 of 1st period - Snap shot by Claude Giroux.
2:08 of 1st period - Shot Misses the Net.
3:58 of 1st period - Penalty to Brent Burns is over, Brent Burns is back on ice.
5:56 of 1st period - Off-side.
5:57 of 1st period - Ryan Johansen wins face-off versus Evgeni Malkin in neutral zone.
6:18 of 1st period - Brent Burns is hit by Hampus Lindholm and loses puck.
6:23 of 1st period - Snap shot by Brayden Schenn.
6:23 of 1st period - Stopped by Michal Neuvirth with a rebound.
6:25 of 1st period - Wrist shot by Brayden Schenn.
6:25 of 1st period - Shot Blocked by Jeff Schultz.
6:29 of 1st period - Slapshot by Brayden Schenn.
6:29 of 1st period - Shot Hit the Post.
6:35 of 1st period - Minor Penalty to Adam Henrique for Cross-checking.
6:36 of 1st period - Evgeni Malkin wins face-off versus Noel Acciari in Jets zone.
6:43 of 1st period - Snap shot by Michael Frolik.
6:43 of 1st period - Stopped by Michal Neuvirth without a rebound.
6:44 of 1st period - Noel Acciari wins face-off versus Evgeni Malkin in Jets zone.
7:05 of 1st period - Wrist shot by Michael Frolik.
7:05 of 1st period - Stopped by Michal Neuvirth with a rebound.
7:07 of 1st period - Wrist shot by Claude Giroux.
7:07 of 1st period - Goal by Claude Giroux - Maple Leafs : 1 - Jets : 0.
7:08 of 1st period - Ryan Johansen wins face-off versus Evgeni Malkin in neutral zone.
9:10 of 1st period - John Klingberg is hit by Frank Vatrano and loses puck.
9:42 of 1st period - Minor Penalty to Brayden Schenn for Hooking.
9:43 of 1st period - Adam Henrique wins face-off versus Bo Horvat in Maple Leafs zone.
10:14 of 1st period - Hampus Lindholm is hit by Brent Burns and loses puck.
11:42 of 1st period - Penalty to Brayden Schenn is over, Brayden Schenn is back on ice.
11:56 of 1st period - Snap shot by Patrice Cormier.
11:56 of 1st period - Goal by Patrice Cormier - Maple Leafs : 2 - Jets : 0.
11:57 of 1st period - Evgeni Malkin wins face-off versus Alexander Wennberg in neutral zone.
12:13 of 1st period - Slapshot by Evgeni Malkin.
12:13 of 1st period - Shot Misses the Net.
12:48 of 1st period - Kyle Okposo is hit by John Klingberg and loses puck.
13:09 of 1st period - Wrist shot by Patrice Cormier.
13:09 of 1st period - Stopped by Michal Neuvirth with a rebound.
13:11 of 1st period - Wrist shot by Pontus Aberg.
13:11 of 1st period - Shot Misses the Net.
13:16 of 1st period - Wrist shot by Patrice Cormier.
13:16 of 1st period - Stopped by Michal Neuvirth without a rebound.
13:17 of 1st period - Ryan Johansen wins face-off versus Evgeni Malkin in Jets zone.
13:22 of 1st period - Evgeni Malkin is hit by Ryan Johansen and loses puck.
13:29 of 1st period - Brent Burns is hit by Michael Frolik and loses puck.
14:05 of 1st period - Wrist shot by Ryan Johansen.
14:05 of 1st period - Stopped by Martin Jones with a rebound.
14:07 of 1st period - Slapshot by Jeff Schultz.
14:07 of 1st period - Stopped by Martin Jones with a rebound.
14:09 of 1st period - Slapshot by Johnny Boychuk.
14:09 of 1st period - Shot Misses the Net.
14:17 of 1st period - Snap shot by Jason Zucker.
14:17 of 1st period - Shot Blocked by Zach Werenski.
14:19 of 1st period - Slapshot by Johnny Boychuk.
14:19 of 1st period - Shot Misses the Net.
14:21 of 1st period - Slapshot by Johnny Boychuk.
14:21 of 1st period - Stopped by Martin Jones without a rebound.
14:22 of 1st period - Evgeni Malkin wins face-off versus Adam Henrique in Maple Leafs zone.
14:24 of 1st period - Minor Penalty to Michael Frolik for Roughing.
14:25 of 1st period - Brayden Schenn wins face-off versus Ryan Johansen in Maple Leafs zone.
14:32 of 1st period - Off-side.
14:33 of 1st period - Brayden Schenn wins face-off versus Ryan Johansen in neutral zone.
15:06 of 1st period - Wrist shot by Claude Giroux.
15:06 of 1st period - Shot Misses the Net.
15:08 of 1st period - Slapshot by Claude Giroux.
15:08 of 1st period - Shot Misses the Net.
15:17 of 1st period - Off-side.
15:18 of 1st period - Brayden Schenn wins face-off versus Ryan Johansen in neutral zone.
15:20 of 1st period - Hampus Lindholm is hit by Ryan Johansen and loses puck.
16:24 of 1st period - Penalty to Michael Frolik is over, Michael Frolik is back on ice.
16:31 of 1st period - Slapshot by Beau Bennett.
16:31 of 1st period - Stopped by Michal Neuvirth with a rebound.
16:41 of 1st period - Zach Werenski is hit by Pierre-Marc Bouchard and loses puck.
17:03 of 1st period - Snap shot by Brandon Saad.
17:03 of 1st period - Stopped by Michal Neuvirth with a rebound.
17:05 of 1st period - Wrist shot by Brandon Saad.
17:05 of 1st period - Shot Misses the Net.
17:07 of 1st period - Snap shot by Bo Horvat.
17:07 of 1st period - Shot Misses the Net.
17:49 of 1st period - Wrist shot by Brandon Saad.
17:49 of 1st period - Deflect By Bo Horvat.
17:49 of 1st period - Stopped by Michal Neuvirth with a rebound.
17:51 of 1st period - Wrist shot by Bo Horvat.
17:51 of 1st period - Deflect By Beau Bennett.
17:51 of 1st period - Shot Misses the Net.
17:51 of 1st period - Puck is out of play.
17:52 of 1st period - Ryan Johansen wins face-off versus Evgeni Malkin in Jets zone.
18:01 of 1st period - Snap shot by Viktor Arvidsson.
18:01 of 1st period - Shot Blocked by John Klingberg.
18:03 of 1st period - Slapshot by Brent Burns.
18:03 of 1st period - Stopped by Martin Jones with a rebound.
18:09 of 1st period - Slapshot by Viktor Arvidsson.
18:09 of 1st period - Shot Misses the Net.
19:01 of 1st period - Off-side.
19:02 of 1st period - Ryan Johansen wins face-off versus Evgeni Malkin in neutral zone.
19:07 of 1st period - Jason Zucker is hit by Michael Frolik and loses puck.
19:16 of 1st period - Hampus Lindholm is hit by Jason Zucker and loses puck.
19:21 of 1st period - Slapshot by Viktor Arvidsson.
19:21 of 1st period - Shot Blocked by Hampus Lindholm.
19:35 of 1st period - Jeff Schultz is hit by Michael Frolik and loses puck.
19:40 of 1st period - Slapshot by Evgeni Malkin.
19:40 of 1st period - Stopped by Michal Neuvirth without a rebound.
19:41 of 1st period - Brayden Schenn wins face-off versus Adam Henrique in Jets zone.
19:56 of 1st period - Slapshot by Jake McCabe.
19:56 of 1st period - Shot Misses the Net.
19:58 of 1st period - Slapshot by Johnny Boychuk.
19:58 of 1st period - Deflect By Andre Burakovsky.
19:58 of 1st period - Stopped by Martin Jones with a rebound.
Goals for this period are 2 for Maple Leafs vs 0 for Jets.
Shots for this period are 15 for Maple Leafs vs 6 for Jets.
2nd period
0:01 of 2nd period - Ryan Johansen wins face-off versus Evgeni Malkin in neutral zone.
0:14 of 2nd period - Snap shot by Claude Giroux.
0:14 of 2nd period - Shot Misses the Net.
0:50 of 2nd period - Slapshot by Hampus Lindholm.
0:50 of 2nd period - Deflect By Dougie Hamilton.
0:50 of 2nd period - Stopped by Michal Neuvirth without a rebound.
0:51 of 2nd period - Alexander Wennberg wins face-off versus Brandon Saad in Jets zone.
0:59 of 2nd period - Off-side.
1:00 of 2nd period - Ryan Johansen wins face-off versus Evgeni Malkin in neutral zone.
1:10 of 2nd period - Minor Penalty to Jason Zucker for Holding.
1:11 of 2nd period - Noel Acciari wins face-off versus Evgeni Malkin in Jets zone.
1:44 of 2nd period - Ryan Johansen is hit by Gabriel Landeskog and loses puck.
3:10 of 2nd period - Penalty to Jason Zucker is over, Jason Zucker is back on ice.
3:42 of 2nd period - Kyle Okposo is hit by John Klingberg and loses puck.
3:47 of 2nd period - Snap shot by Pontus Aberg.
3:47 of 2nd period - Shot Misses the Net.
4:01 of 2nd period - Off-side.
4:02 of 2nd period - Alexander Wennberg wins face-off versus Evgeni Malkin in neutral zone.
4:49 of 2nd period - Jake McCabe is hit by Pontus Aberg.
5:13 of 2nd period - Snap shot by Claude Giroux.
5:13 of 2nd period - Shot Blocked by Kyle Okposo.
5:15 of 2nd period - Snap shot by Evgeni Malkin.
5:15 of 2nd period - Stopped by Michal Neuvirth without a rebound.
5:16 of 2nd period - Ryan Johansen wins face-off versus Evgeni Malkin in Jets zone.
5:33 of 2nd period - Wrist shot by Ryan Johansen.
5:33 of 2nd period - Shot Misses the Net.
6:27 of 2nd period - Off-side.
6:28 of 2nd period - Evgeni Malkin wins face-off versus Adam Henrique in neutral zone.
6:54 of 2nd period - Snap shot by Brayden Schenn.
6:54 of 2nd period - Goal by Brayden Schenn - Maple Leafs : 3 - Jets : 0.
6:55 of 2nd period - Ryan Johansen wins face-off versus Claude Giroux in neutral zone.
6:57 of 2nd period - Dougie Hamilton is hit by Evgeni Malkin and loses puck.
7:18 of 2nd period - Minor Penalty to Dougie Hamilton for Tripping.
7:19 of 2nd period - Evgeni Malkin wins face-off versus Noel Acciari in Jets zone.
8:35 of 2nd period - Hampus Lindholm is hit by Frank Vatrano and loses puck.
8:46 of 2nd period - Snap shot by Hampus Lindholm.
8:46 of 2nd period - Shot Blocked by Jeff Schultz.
8:48 of 2nd period - Wrist shot by Claude Giroux.
8:48 of 2nd period - Stopped by Michal Neuvirth with a rebound.
8:50 of 2nd period - Slapshot by Hampus Lindholm.
8:50 of 2nd period - Shot Blocked by Brent Burns.
9:06 of 2nd period - Slapshot by Hampus Lindholm.
9:06 of 2nd period - Stopped by Michal Neuvirth without a rebound.
9:07 of 2nd period - Brayden Schenn wins face-off versus Ryan Johansen in Jets zone.
9:18 of 2nd period - Penalty to Dougie Hamilton is over, Dougie Hamilton is back on ice.
9:43 of 2nd period - Wrist shot by Jon Merrill.
9:43 of 2nd period - Shot Blocked by Dougie Hamilton.
9:45 of 2nd period - Snap shot by Pontus Aberg.
9:45 of 2nd period - Shot Misses the Net.
9:47 of 2nd period - Snap shot by Patrice Cormier.
9:47 of 2nd period - Shot Misses the Net.
10:21 of 2nd period - Snap shot by Jason Zucker.
10:21 of 2nd period - Shot Blocked by Brayden Schenn.
10:44 of 2nd period - Viktor Arvidsson is hit by John Klingberg and loses puck.
10:49 of 2nd period - Wrist shot by Tim Schaller.
10:49 of 2nd period - Stopped by Michal Neuvirth without a rebound.
10:50 of 2nd period - Adam Henrique wins face-off versus Patrice Cormier in Jets zone.
10:57 of 2nd period - Wrist shot by Patrice Cormier.
10:57 of 2nd period - Stopped by Michal Neuvirth without a rebound.
10:58 of 2nd period - Brayden Schenn wins face-off versus Adam Henrique in Jets zone.
11:15 of 2nd period - Brent Burns is hit by Andre Burakovsky and loses puck.
11:22 of 2nd period - Snap shot by Max Domi.
11:22 of 2nd period - Shot Misses the Net.
11:36 of 2nd period - Slapshot by Hampus Lindholm.
11:36 of 2nd period - Stopped by Michal Neuvirth with a rebound.
12:06 of 2nd period - Alexander Wennberg is hit by Ryan Parent.
13:10 of 2nd period - Slapshot by Jeff Schultz.
13:10 of 2nd period - Goal by Jeff Schultz - Maple Leafs : 3 - Jets : 1.
13:11 of 2nd period - Ryan Johansen wins face-off versus Evgeni Malkin in neutral zone.
13:38 of 2nd period - John Klingberg is hit by Adam Henrique and loses puck.
13:49 of 2nd period - Slapshot by Hampus Lindholm.
13:49 of 2nd period - Stopped by Michal Neuvirth without a rebound.
13:50 of 2nd period - Evgeni Malkin wins face-off versus Alexander Wennberg in Jets zone.
14:22 of 2nd period - Wrist shot by Claude Giroux.
14:22 of 2nd period - Shot Misses the Net.
14:24 of 2nd period - Snap shot by Claude Giroux.
14:24 of 2nd period - Shot Hit the Post.
14:26 of 2nd period - Wrist shot by Claude Giroux.
14:26 of 2nd period - Shot Misses the Net.
15:42 of 2nd period - Wrist shot by Pierre-Marc Bouchard.
15:42 of 2nd period - Shot Blocked by Zach Werenski.
16:08 of 2nd period - Snap shot by Michael Frolik.
16:08 of 2nd period - Stopped by Michal Neuvirth without a rebound.
16:09 of 2nd period - Brayden Schenn wins face-off versus Ryan Johansen in Jets zone.
16:22 of 2nd period - Hampus Lindholm is hit by Viktor Arvidsson and loses puck.
17:45 of 2nd period - John Klingberg is hit by Frank Vatrano and loses puck.
17:58 of 2nd period - Jason Zucker is hit by Hampus Lindholm and loses puck.
18:26 of 2nd period - Gabriel Landeskog is hit by Frank Vatrano and loses puck.
18:49 of 2nd period - Patrice Cormier is hit by Jason Zucker and loses puck.
19:04 of 2nd period - Dougie Hamilton is hit by Bo Horvat and loses puck.
Goals for this period are 1 for Maple Leafs vs 1 for Jets.
Shots for this period are 10 for Maple Leafs vs 1 for Jets.
3rd period
0:01 of 3rd period - Ryan Johansen wins face-off versus Evgeni Malkin in neutral zone.
0:24 of 3rd period - Icing by Dougie Hamilton.
0:25 of 3rd period - Ryan Johansen wins face-off versus Brayden Schenn in Jets zone.
0:51 of 3rd period - Adam Henrique is hit by Brayden Schenn and loses puck.
0:56 of 3rd period - Snap shot by Andre Burakovsky.
0:56 of 3rd period - Stopped by Michal Neuvirth without a rebound.
0:57 of 3rd period - Michael Frolik wins face-off versus Ryan Johansen in Jets zone.
1:49 of 3rd period - Jon Merrill is hit by Max Domi and loses puck.
1:56 of 3rd period - Snap shot by Brayden Schenn.
1:56 of 3rd period - Stopped by Michal Neuvirth without a rebound.
1:57 of 3rd period - Ryan Johansen wins face-off versus Evgeni Malkin in Jets zone.
1:57 of 3rd period - Ryan Johansen is hit by Michael Frolik.
2:05 of 3rd period - Evgeni Malkin is hit by Dougie Hamilton and loses puck.
2:10 of 3rd period - Snap shot by Ryan Johansen.
2:10 of 3rd period - Deflect By Viktor Arvidsson.
2:10 of 3rd period - Stopped by Martin Jones without a rebound.
2:11 of 3rd period - Evgeni Malkin wins face-off versus Ryan Johansen in Maple Leafs zone.
3:00 of 3rd period - Wrist shot by Beau Bennett.
3:00 of 3rd period - Shot Misses the Net.
3:06 of 3rd period - Hampus Lindholm is hit by Pierre-Marc Bouchard and loses puck.
3:35 of 3rd period - Snap shot by Alexander Wennberg.
3:35 of 3rd period - Stopped by Martin Jones without a rebound.
3:36 of 3rd period - Viktor Arvidsson wins face-off versus Brayden Schenn in Maple Leafs zone.
3:53 of 3rd period - Wrist shot by Brayden Schenn.
3:53 of 3rd period - Stopped by Michal Neuvirth without a rebound.
3:54 of 3rd period - Evgeni Malkin wins face-off versus Adam Henrique in Jets zone.
4:01 of 3rd period - Wrist shot by Claude Giroux.
4:01 of 3rd period - Goal by Claude Giroux - Maple Leafs : 4 - Jets : 1.
4:02 of 3rd period - Evgeni Malkin wins face-off versus Ryan Johansen in neutral zone.
4:08 of 3rd period - Minor Penalty to Dougie Hamilton for Holding Stick.
4:09 of 3rd period - Noel Acciari wins face-off versus Evgeni Malkin in Jets zone.
4:13 of 3rd period - Slapshot by Brent Burns.
4:13 of 3rd period - Shot Misses the Net.
4:25 of 3rd period - Slapshot by Claude Giroux.
4:25 of 3rd period - Goal by Claude Giroux - Maple Leafs : 5 - Jets : 1.
4:26 of 3rd period - Viktor Arvidsson wins face-off versus Evgeni Malkin in neutral zone.
4:39 of 3rd period - Wrist shot by Jason Zucker.
4:39 of 3rd period - Stopped by Martin Jones without a rebound.
4:40 of 3rd period - Ryan Johansen wins face-off versus Evgeni Malkin in Maple Leafs zone.
5:07 of 3rd period - Andre Burakovsky is hit by Max Domi and loses puck.
6:01 of 3rd period - Wrist shot by Jordan Martinook.
6:01 of 3rd period - Shot Misses the Net.
6:19 of 3rd period - Wrist shot by Michael Frolik.
6:19 of 3rd period - Stopped by Michal Neuvirth without a rebound.
6:20 of 3rd period - Ryan Johansen wins face-off versus Evgeni Malkin in Jets zone.
6:44 of 3rd period - Ryan Parent is hit by Dougie Hamilton and loses puck.
7:13 of 3rd period - Slapshot by Evgeni Malkin.
7:13 of 3rd period - Stopped by Michal Neuvirth with a rebound.
7:15 of 3rd period - Wrist shot by Evgeni Malkin.
7:15 of 3rd period - Shot Misses the Net.
7:17 of 3rd period - Snap shot by Evgeni Malkin.
7:17 of 3rd period - Stopped by Michal Neuvirth with a rebound.
7:19 of 3rd period - Slapshot by Ryan Parent.
7:19 of 3rd period - Stopped by Michal Neuvirth with a rebound.
7:21 of 3rd period - Slapshot by Evgeni Malkin.
7:21 of 3rd period - Deflect By Michael Frolik.
7:21 of 3rd period - Shot Misses the Net.
7:21 of 3rd period - Puck is out of play.
7:22 of 3rd period - Brayden Schenn wins face-off versus Adam Henrique in Jets zone.
7:23 of 3rd period - Snap shot by Andre Burakovsky.
7:23 of 3rd period - Stopped by Michal Neuvirth without a rebound.
7:24 of 3rd period - Adam Henrique wins face-off versus Brayden Schenn in Jets zone.
7:51 of 3rd period - Wrist shot by Eric Nystrom.
7:51 of 3rd period - Shot Misses the Net.
7:53 of 3rd period - Slapshot by Johnny Boychuk.
7:53 of 3rd period - Deflect By Eric Nystrom.
7:53 of 3rd period - Stopped by Martin Jones without a rebound.
7:54 of 3rd period - Alexander Wennberg wins face-off versus Bo Horvat in Maple Leafs zone.
8:19 of 3rd period - Michael Frolik is hit by Viktor Arvidsson and loses puck.
8:31 of 3rd period - Icing by Claude Giroux.
8:32 of 3rd period - Evgeni Malkin wins face-off versus Adam Henrique in Maple Leafs zone.
8:37 of 3rd period - Wrist shot by Adam Henrique.
8:37 of 3rd period - Shot Blocked by Jon Merrill.
8:39 of 3rd period - Snap shot by Adam Henrique.
8:39 of 3rd period - Shot Misses the Net.
8:41 of 3rd period - Slapshot by Dougie Hamilton.
8:41 of 3rd period - Stopped by Martin Jones with a rebound.
8:43 of 3rd period - Slapshot by Dougie Hamilton.
8:43 of 3rd period - Deflect By Kyle Okposo.
8:43 of 3rd period - Stopped by Martin Jones without a rebound.
8:44 of 3rd period - Brayden Schenn wins face-off versus Ryan Johansen in Maple Leafs zone.
8:51 of 3rd period - Icing by Viktor Arvidsson.
8:52 of 3rd period - Ryan Johansen wins face-off versus Brayden Schenn in Jets zone.
9:05 of 3rd period - Slapshot by Hampus Lindholm.
9:05 of 3rd period - Deflect By Brayden Schenn.
9:05 of 3rd period - Shot Blocked by Jason Zucker.
9:05 of 3rd period - Puck is out of play.
9:06 of 3rd period - Ryan Johansen wins face-off versus Evgeni Malkin in Jets zone.
9:29 of 3rd period - Minor Penalty to Marco Scandella for Roughing.
9:30 of 3rd period - Noel Acciari wins face-off versus Michael Frolik in Jets zone.
9:30 of 3rd period - Noel Acciari is hit by Evgeni Malkin.
11:29 of 3rd period - Penalty to Marco Scandella is over, Marco Scandella is back on ice.
11:34 of 3rd period - Kyle Okposo is hit by Jon Merrill and loses puck.
12:04 of 3rd period - Snap shot by Viktor Arvidsson.
12:04 of 3rd period - Shot Blocked by Pontus Aberg.
12:06 of 3rd period - Snap shot by Jason Zucker.
12:06 of 3rd period - Shot Blocked by Braydon Coburn.
12:39 of 3rd period - Jake McCabe is hit by Brayden Schenn and loses puck.
12:50 of 3rd period - Jon Merrill is hit by Johnny Boychuk and loses puck.
13:24 of 3rd period - Slapshot by Zach Werenski.
13:24 of 3rd period - Deflect By Claude Giroux.
13:24 of 3rd period - Stopped by Michal Neuvirth without a rebound.
13:25 of 3rd period - Evgeni Malkin wins face-off versus Adam Henrique in Jets zone.
14:35 of 3rd period - Wrist shot by Jordan Martinook.
14:35 of 3rd period - Shot Blocked by John Klingberg.
14:37 of 3rd period - Slapshot by Marco Scandella.
14:37 of 3rd period - Deflect By Jordan Martinook.
14:37 of 3rd period - Shot Blocked by Tim Schaller.
14:37 of 3rd period - Puck is out of play.
14:38 of 3rd period - Evgeni Malkin wins face-off versus Noel Acciari in Maple Leafs zone.
14:47 of 3rd period - Slapshot by Jordan Martinook.
14:47 of 3rd period - Stopped by Martin Jones with a rebound.
14:53 of 3rd period - Frank Vatrano is hit by Jon Merrill and loses puck.
15:04 of 3rd period - Brayden Schenn is hit by Viktor Arvidsson.
15:10 of 3rd period - Dougie Hamilton is hit by John Klingberg.
15:28 of 3rd period - Slapshot by Jeff Schultz.
15:28 of 3rd period - Shot Blocked by Bo Horvat.
15:30 of 3rd period - Snap shot by Adam Henrique.
15:30 of 3rd period - Shot Blocked by Brandon Saad.
15:32 of 3rd period - Snap shot by Kyle Okposo.
15:32 of 3rd period - Shot Misses the Net.
15:46 of 3rd period - Wrist shot by Alexander Wennberg.
15:46 of 3rd period - Shot Misses the Net.
15:52 of 3rd period - Snap shot by Eric Nystrom.
15:52 of 3rd period - Shot Misses the Net.
15:54 of 3rd period - Slapshot by Jake McCabe.
15:54 of 3rd period - Shot Blocked by Tim Schaller.
15:56 of 3rd period - Wrist shot by Eric Nystrom.
15:56 of 3rd period - Stopped by Martin Jones without a rebound.
15:57 of 3rd period - Ryan Johansen wins face-off versus Claude Giroux in Maple Leafs zone.
16:12 of 3rd period - Wrist shot by Viktor Arvidsson.
16:12 of 3rd period - Deflect By Ryan Johansen.
16:12 of 3rd period - Shot Blocked by Zach Werenski.
16:12 of 3rd period - Puck is out of play.
16:13 of 3rd period - Brayden Schenn wins face-off versus Adam Henrique in Maple Leafs zone.
16:20 of 3rd period - Slapshot by Andre Burakovsky.
16:20 of 3rd period - Shot Blocked by Brent Burns.
17:06 of 3rd period - Slapshot by Frank Vatrano.
17:06 of 3rd period - Stopped by Martin Jones with a rebound.
17:08 of 3rd period - Slapshot by Dougie Hamilton.
17:08 of 3rd period - Stopped by Martin Jones without a rebound.
17:09 of 3rd period - Brayden Schenn wins face-off versus Ryan Johansen in Maple Leafs zone.
17:09 of 3rd period - Brayden Schenn is hit by Ryan Johansen.
17:17 of 3rd period - Slapshot by John Klingberg.
17:17 of 3rd period - Stopped by Michal Neuvirth with a rebound.
17:19 of 3rd period - Snap shot by Andre Burakovsky.
17:19 of 3rd period - Deflect By Gabriel Landeskog.
17:19 of 3rd period - Shot Blocked by Viktor Arvidsson.
17:19 of 3rd period - Puck is out of play.
17:20 of 3rd period - Ryan Johansen wins face-off versus Evgeni Malkin in Jets zone.
17:20 of 3rd period - Ryan Johansen is hit by Michael Frolik.
17:32 of 3rd period - Hampus Lindholm is hit by Jeff Schultz and loses puck.
17:53 of 3rd period - Kyle Okposo is hit by Gabriel Landeskog and loses puck.
18:09 of 3rd period - Off-side.
18:10 of 3rd period - Noel Acciari wins face-off versus Beau Bennett in neutral zone.
18:14 of 3rd period - Minor Penalty to Beau Bennett for Interference.
18:15 of 3rd period - Brayden Schenn wins face-off versus Adam Henrique in Maple Leafs zone.
18:29 of 3rd period - Snap shot by Adam Henrique.
18:29 of 3rd period - Shot Misses the Net.
18:31 of 3rd period - Snap shot by Adam Henrique.
18:31 of 3rd period - Shot Blocked by Braydon Coburn.
19:40 of 3rd period - Jon Merrill is hit by Adam Henrique and loses puck.
19:57 of 3rd period - Kyle Okposo is hit by Braydon Coburn and loses puck.
Goals for this period are 2 for Maple Leafs vs 0 for Jets.
Shots for this period are 12 for Maple Leafs vs 10 for Jets.